[Event "*** MasterClass Titled Tuesday Blitz"]
[Site "Chess.com"]
[Date "2017.07.04"]
[Round "1"]
[White "spirals5"]
[Black "OparinGrigoriy"]
[Result "1/2-1/2"]
[WhiteElo "2364"]
[BlackElo "2757"]
[TimeControl "180+2"]
[EndTime "13:07:27 PDT"]
[Termination "Game drawn - insufficient material"]

1. e4 e5 2. Nf3 Nc6 3. Bc4 Nf6 4.
d3 Be7 5. O-O O-O 6. a3 d6 7. h3 Kh8 8. Nc3 Nd7 9. b4 Nb6 10.
Bb3 f5 11. exf5 Bxf5 12. Be3 Qd7 13. Nd5 Rae8 14. Nxe7 Nxe7 15. Nh4 Be6 16. Bxe6 Qxe6 17. Qg4 Qf7 18. c4 Nf5 19. Qxf5 Qxf5 20. Nxf5 Rxf5 21.
Bxb6 axb6 22. f3 Ra8 23. a4 Kg8 24. Rf2 Kf7 25. Rfa2 Ke6 26. a5 bxa5 27. Rxa5 Rxa5 28. Rxa5 b6 29. Ra7 Kd7 30. b5 Rf4 31. Kf2 Rd4 32. Ke3 d5 33. cxd5 Rxd5 34. Ra8 Rxb5 35. Rg8 g6 36.
Rg7+ Kd6 37. Rxh7 Rb2 38. g4 Rh2 39. h4 b5 40. Rh6 Kd5 41. Rxg6 Rxh4 42. Rg7 c5 43.
Rb7 b4 44. Rb8 Rh1 45. Rd8+ Kc6 46. Rc8+ Kd6 47. Rd8+ Kc7 48. Rd5 Kc6 49. Rd8 b3 50. Rb8 Rb1 51. g5 b2 52. Kd2 Rf1 53. Rxb2 Rxf3 54.
Rb8 Rg3 55. Rg8 Kd5 56. g6 Ke6 57. g7 Kf6 58. Rc8 Rxg7 59. Rxc5 Rg4 60. Ke3 Ra4 61. Rc8 Ra1 62. Rf8+ Ke7 63. Rh8 Re1+ 64. Kd2 Rg1 65.
Rh6 Kd7 66. Ke3 Re1+ 67. Kd2 Rf1 68. Ke3 Rg1 69. Ke4 Re1+ 70. Kd5 Re3 71. Rh7+ Ke8 72. Rh5 Kf7 73. Rxe5 Rxd3+ 74. Ke4 Rd6 75. Ra5 Rf6 76. Re5 Re6 77. Rxe6 Kxe6 1/2-1/2

[Event "*** MasterClass Titled Tuesday Blitz"]
[Site "Chess.com"]
[Date "2017.07.04"]
[Round "1"]
[White "Andrjywa"]
[Black "GMAkobianSTL"]
[Result "0-1"]
[WhiteElo "2295"]
[BlackElo "2564"]
[TimeControl "180+2"]
[EndTime "13:07:29 PDT"]
[Termination "GMAkobianSTL won on time"]

1. e4 d6 2. d4 Nf6 3. Nc3 c6 4. Nf3 Bg4 5. h3 Bh5 6. Be3 e6 7. Be2 d5 8. e5 Nfd7 9. O-O c5 10. dxc5 Nc6 11. Nd4 Bxe2 12. Qxe2 Bxc5 13. Nxc6 bxc6 14. Bxc5 Nxc5 15. b3 O-O 16. Rad1 Qa5 17. Qf3 Nd7 18.
Rfe1 Rfb8 19. a4 Rb4 20. Qg3 Rab8 21. Kh1 h6 22. f4 Qc5 23. Rd3 Rd4 24. Red1 Rxd3 25.
Qxd3 Rb4 26. Ne2 Qf2 27. Qf3 Qxf3 28. gxf3 c5 29. Kg2 g5 30. fxg5 hxg5 31. Kf2 Nxe5 32. Rg1 f6 33. f4 Ng6 34. fxg5 f5 35. Ng3 Rh4 36. Re1 Kf7 37. Kg2 Nf4+ 38. Kf3 Nxh3 0-1

[Event "*** MasterClass Titled Tuesday Blitz"]
[Site "Chess.com"]
[Date "2017.07.04"]
[Round "1"]
[White "SuperCheese"]
[Black "1lec"]
[Result "1-0"]
[WhiteElo "2421"]
[BlackElo "2093"]
[TimeControl "180+2"]
[EndTime "13:07:34 PDT"]
[Termination "SuperCheese won by resignation"]

1. d4 d5 2. c4 c6 3. Nf3 Nf6 4. Nc3 dxc4 5. e4 b5 6. e5 Nd5 7. a4 Nxc3 8. bxc3 e6 9. Ng5 Be7 10.
Ne4 O-O 11. Be2 Na6 12. O-O Nc7 13. Ba3 Nd5 14. Qc2 Bxa3 15. Rxa3 Nf4 16. Bf3 Nd3 17. Rb1 Qb6 18. Nd6 Rb8 19. Be4 a6 20. Bxd3 cxd3 21. Qxd3 Bd7 22. Ne4 Rfd8 23. Qg3 Kh8 24. Nc5 Qa5 25.
Rab3 Qb6 26. h4 h6 27. Qf4 Be8 28. h5 Qc7 29. Nxa6 1-0

[Event "*** MasterClass Titled Tuesday Blitz"]
[Site "Chess.com"]
[Date "2017.07.04"]
[Round "1"]
[White "Zufi1811"]
[Black "Ez_Chess2016"]
[Result "1-0"]
[WhiteElo "2394"]
[BlackElo "1981"]
[TimeControl "180+2"]
[EndTime "13:07:41 PDT"]
[Termination "Zufi1811 won by resignation"]

1. e4 c5 2. Nf3 Nc6 3. Bb5 e6 4. O-O Nge7 5. Re1 a6 6. Bf1 d5 7. d3 g6 8. Bg5 Bg7 9. exd5 exd5 10. Nc3 Be6 11. Qd2 O-O 12. Bh6 b5 13. Bxg7 Kxg7 14. Ne2 Bg4 15. Qf4 Bxf3 16. Qxf3 Nf5 17. g3 Qd6 18. Nf4 Rad8 19. c3 d4 20. Bh3 Ne5 21. Qe4 Rfe8 22. Nh5+ Kh8 23. Bxf5 gxf5 24. Qxf5 Qg6 25.
Rxe5 Qxf5 26. Rxf5 Re2 27. Rxf7 Rxb2 28. Nf6 1-0

[Event "*** MasterClass Titled Tuesday Blitz"]
[Site "Chess.com"]
[Date "2017.07.04"]
[Round "1"]
[White "aspired"]
[Black "michaelk123"]
[Result "1-0"]
[WhiteElo "2532"]
[BlackElo "2266"]
[TimeControl "180+2"]
[EndTime "13:07:42 PDT"]
[Termination "aspired won by resignation"]

1. e4 c5 2. Nf3 e6 3. g3 Nc6 4.
Bg2 Nf6 5. Qe2 e5 6. O-O Be7 7. d3 h6 8. c4 O-O 9. Nc3 d6 10.
h3 a6 11. a4 Ne8 12. Be3 Nc7 13. Nd5 Nxd5 14. cxd5 Nd4 15. Bxd4 cxd4 16. b4 Bd7 17. Rfc1 Qb6 18. Qb2 Rac8 19. a5 Qb5 20. Bf1 Bg5 21.
Nxg5 hxg5 22. Kg2 f6 23. Be2 Kf7 24. Rxc8 Rxc8 25. Rc1 Rxc1 26. Qxc1 Qxb4 27. Qc7 Ke7 28. Bg4 Qb5 29. Be6 Qa4 30. Qxb7 Qb5 31. Qc7 Qa4 32. h4 gxh4 33. gxh4 g6 34. Kg3 Qb5 35. f3 Qa4 36. Kg4 Qb5 37. h5 gxh5+ 38. Kxh5 Qa4 39. Kg6 Qb5 40.
Qxd7+ Qxd7 41. Bxd7 Kxd7 42. Kxf6 1-0

[Event "*** MasterClass Titled Tuesday Blitz"]
[Site "Chess.com"]
[Date "2017.07.04"]
[Round "1"]
[White "SipkeErnst"]
[Black "peteseeger"]
[Result "0-1"]
[WhiteElo "2371"]
[BlackElo "2144"]
[TimeControl "180+2"]
[EndTime "13:07:50 PDT"]
[Termination "peteseeger won on time"]

1. d4 g6 2. Nf3 Bg7 3. c4 d6 4. Nc3 f5 5. Bf4 Nf6 6. e3 O-O 7. Be2 Nc6 8. d5 e5 9. dxc6 exf4 10. cxb7 Bxb7 11. exf4 Ne4 12. Nd5 c6 13. Qb3 Qa5+ 14. Qb4 Qxb4+ 15. Nxb4 Bxb2 16. Rb1 Bc3+ 17. Kf1 Rab8 18.
Nc2 c5 19. h4 Bc6 20. Rb3 Rxb3 21. axb3 Rb8 22. g3 Rxb3 23. Kg2 a5 24. Ne3 a4 25.
Bd1 Rb2 26. Nc2 Bb4 27. h5 a3 28. hxg6 hxg6 29. Rh4 Nc3 30. Nxa3 Bxa3 31. Kh3 Nxd1 32. Ng5 Nxf2+ 33. Kh2 Ng4+ 0-1

[Event "*** MasterClass Titled Tuesday Blitz"]
[Site "Chess.com"]
[Date "2017.07.04"]
[Round "1"]
[White "Blitzking4444"]
[Black "ftorodent"]
[Result "0-1"]
[WhiteElo "2241"]
[BlackElo "2511"]
[TimeControl "180+2"]
[EndTime "13:07:51 PDT"]
[Termination "ftorodent won by checkmate"]

1. e4 e6 2. d4 d5 3. Nd2 Be7 4. e5 c5 5. c3 Nc6 6. Bd3 f5 7. Ne2 Nh6 8. f4 Nf7 9. Nf3 O-O 10. O-O Bd7 11. Kh1 cxd4 12. Nexd4 Nxd4 13. cxd4 Qb6 14. Rg1 Bb5 15. Bc2 Rac8 16. Be3 Qa6 17. Qd2 Be2 18.
Ne1 Rc7 19. Nd3 Rxc2 20. Qxc2 Bxd3 21. Qc7 Bd8 22. Qc8 Ba5 23. Qd7 Qb5 24. Qxb5 Bxb5 25. h3 h5 26. g4 hxg4 27. hxg4 Nh6 28. gxf5 Nxf5 29. Bf2 Bd2 30. Rg4 Be2 31. Rg6 Kf7 32. Rgg1 Bf3+ 33. Kh2 Bxf4+ 34. Kh3 Rh8+ 35. Bh4 Rxh4# 0-1

[Event "*** MasterClass Titled Tuesday Blitz"]
[Site "Chess.com"]
[Date "2017.07.04"]
[Round "1"]
[White "AndrewDGreen"]
[Black "GMKrikor"]
[Result "0-1"]
[WhiteElo "2205"]
[BlackElo "2467"]
[TimeControl "180+2"]
[EndTime "13:07:51 PDT"]
[Termination "GMKrikor won by resignation"]

1. d4 Nf6 2. Nf3 g6 3. Nc3 d5 4. Bf4 Bg7 5. e3 O-O 6. Be2 c5 7. O-O cxd4 8. exd4 Nc6 9. Ne5 Bf5 10. Nxc6 bxc6 11. Na4 Nd7 12. c3 Re8 13. Re1 e5 14. dxe5 Nxe5 15. Bf1 Qa5 16. b4 Qd8 17. Nc5 Qf6 18.
Qd2 Nc4 19. Bxc4 dxc4 20. Rac1 Rxe1+ 21. Qxe1 g5 22. Be3 Re8 23. Qf1 Be6 24. Bd4 Qf4 25. g3 Qf3 26. Nxe6 Rxe6 27. Qxc4 Re2 28. a4 h5 29.
Bxg7 Qxf2+ 0-1

[Event "*** MasterClass Titled Tuesday Blitz"]
[Site "Chess.com"]
[Date "2017.07.04"]
[Round "1"]
[White "Bad4life"]
[Black "DrVelja"]
[Result "0-1"]
[WhiteElo "2297"]
[BlackElo "2571"]
[TimeControl "180+2"]
[EndTime "13:08:03 PDT"]
[Termination "DrVelja won by checkmate"]

1. e4 c5 2. Nf3 e6 3. b3 Nc6 4.
Bb2 d6 5. c4 e5 6. g3 g6 7. Bg2 Bg7 8. O-O Nge7 9. Nc3 O-O 10. a3 f5 11. d3 f4 12. Nd5 h6 13.
gxf4 Bg4 14. Qd2 Nxd5 15. cxd5 Rxf4 16. dxc6 Bxf3 17. Bxf3 Rxf3 18. Kh1 bxc6 19. Rg1 Qf6 20. Rg2 Rf8 21. Kg1 Kh7 22. b4 h5 23. Bc1 cxb4 24. axb4 Rf7 25. Ra3 Qh4 26. Rc3 d5 27. Rxc6 dxe4 28.
Rcxg6 e3 29. Qe2 Rxf2 30. Rxg7+ Rxg7 31. Rxg7+ Kxg7 32. Qxe3 Qxh2# 0-1

[Event "*** MasterClass Titled Tuesday Blitz"]
[Site "Chess.com"]
[Date "2017.07.04"]
[Round "1"]
[White "1e41-0"]
[Black "dretch"]
[Result "1-0"]
[WhiteElo "2299"]
[BlackElo "2513"]
[TimeControl "180+2"]
[EndTime "13:08:06 PDT"]
[Termination "1e41-0 won on time"]

1. e4 e6 2. d4 d5 3. Nc3 Nf6 4.
exd5 exd5 5. Nf3 Be7 6. Bd3 Nc6 7. O-O Bg4 8. Be3 O-O 9. Re1 a6 10. h3 Bh5 11. g4 Bg6 12. Ne5 Bd6 13. f4 Bxd3 14.
cxd3 Re8 15. g5 Nd7 16. Qf3 Bxe5 17. fxe5 Nb4 18. Rf1 Rf8 19. Rad1 Nb6 20. h4 Qd7 21. h5 Rae8 22. h6 Re6 23. hxg7 Kxg7 24. Rd2 Rg6 25. a3 Nc6 26. Rdf2 Kg8 27. Qh5 Rg7 28. Rf6 Ne7 29. e6 Qe8 30. Bf4 Na8 31. Be5 Ng6 32.
Nxd5 Qd8 33. exf7+ Rgxf7 34. Rxg6+ hxg6 35. Qxg6+ 1-0

[Event "*** MasterClass Titled Tuesday Blitz"]
[Site "Chess.com"]
[Date "2017.07.04"]
[Round "1"]
[White "hassler2"]
[Black "Iball95"]
[Result "0-1"]
[WhiteElo "2274"]
[BlackElo "2545"]
[TimeControl "180+2"]
[EndTime "13:08:06 PDT"]
[Termination "Iball95 won by resignation"]

1. e4 c5 2. Nf3 Nc6 3. d4 cxd4 4. Nxd4 g6 5. Nc3 Bg7 6. Be3 Nf6 7. Bc4 O-O 8. Bb3 a5 9. O-O d6 10. h3 Nxd4 11. Bxd4 Bd7 12. Re1 Bc6 13. a4 e5 14.
Be3 Nxe4 15. Nxe4 Bxe4 16. Qd2 Qc7 17. Rad1 d5 18. f3 Bf5 19. Qxd5 Bxc2 20. Rc1 Bxb3 21. Qxb3 Qd7 22. Red1 Qf5 23. Rd5 Qe6 24. Rcd1 e4 25. fxe4 Qxe4 26. Bf2 Rac8 27. R1d2 Rc1+ 28. Kh2 Be5+ 29. Bg3 Bf4 30. Bxf4 Qxf4+ 31. g3 Qe4 32. g4 Rh1+ 33. Kg3 Rg1+ 34. Kh4 Qe7+ 35. Rg5 h6 36. Rd5 hxg5+ 37. Rxg5 Kg7 38. Qc3+ Qf6 39. Qd2 0-1

[Event "*** MasterClass Titled Tuesday Blitz"]
[Site "Chess.com"]
[Date "2017.07.04"]
[Round "1"]
[White "blitzcopter"]
[Black "DanielRensch"]
[Result "0-1"]
[WhiteElo "2029"]
[BlackElo "2403"]
[TimeControl "180+2"]
[EndTime "13:08:13 PDT"]
[Termination "DanielRensch won by resignation"]

1. e4 c5 2. Nc3 Nc6 3. g3 g6 4. Bg2 Bg7 5. d3 d6 6. Be3 Nd4 7. Qd2 Rb8 8. Nge2 b5 9. O-O e6 10. Nc1 Ne7 11. Nd1 O-O 12. c3 Ndc6 13. Bh6 b4 14.
Bxg7 Kxg7 15. f4 a5 16. f5 exf5 17. exf5 f6 18. fxg6 hxg6 19. Ne2 Ba6 20. Nf4 Bc8 21. Ne3 Ne5 22. d4 Nf7 23. Qd3 bxc3 24. bxc3 cxd4 25. cxd4 Rb2 26. Nc4 Rb4 27. a3 Rb8 28. Rae1 Bf5 29. Be4 Re8 30. Bxf5 Nxf5 31. Ne6+ Rxe6 32. Rxe6 Qd7 33. d5 a4 34. Rxf5 gxf5 35. Qxf5 Qd8 36. Qg4+ Ng5 37. h4 Qc8 38. hxg5 Qc5+ 39. Kh2 Qf2+ 40. Kh3 Rh8+ 41. Qh4 Rxh4+ 42. gxh4 Qf3+ 43. Kh2 fxg5 44. hxg5 Qxd5 45. Re7+ Kf8 46. Rc7 Qxg5 47. Nb6 d5 48. Rc8+ Kg7 49. Rc7+ Kh6 50. Rc6+ Kh5 51. Rc5 Qf4+ 52. Kh1 Qf1+ 53. Kh2 Qf2+ 0-1

[Event "*** MasterClass Titled Tuesday Blitz"]
[Site "Chess.com"]
[Date "2017.07.04"]
[Round "1"]
[White "gammagramma"]
[Black "AaronGrabinsky_SPICE"]
[Result "1-0"]
[WhiteElo "2410"]
[BlackElo "2060"]
[TimeControl "180+2"]
[EndTime "13:08:14 PDT"]
[Termination "gammagramma won by resignation"]

1. d4 g6 2. e4 Bg7 3. Nc3 c6 4. Nf3 d6 5. a4 Nf6 6. Bc4 O-O 7. O-O Qc7 8. Ba2 Nbd7 9. Re1 e5 10. h3 b6 11. Be3 Bb7 12. Qd2 Rfe8 13. Bh6 a6 14.
Rad1 Rad8 15. Nh4 exd4 16. Bxg7 Kxg7 17. Qxd4 Nc5 18. g4 Ne6 19. Bxe6 c5 20. Qd3 Rxe6 21. f3 Rde8 22. Ng2 Rd8 23. Nf4 Re5 24. h4 Qe7 25. g5 Nh5 26. Nfd5 Bxd5 27. Nxd5 Qe6 28. Kh2 Re8 29. Qd2 Qd7 30. Nxb6 Qc6 31. Nc4 d5 32.
Nxe5 Rxe5 33. exd5 Qd6 34. Rxe5 Qxe5+ 35. Kg1 Qg3+ 36. Qg2 Qxh4 37. Qg4 1-0

[Event "*** MasterClass Titled Tuesday Blitz"]
[Site "Chess.com"]
[Date "2017.07.04"]
[Round "1"]
[White "hypert"]
[Black "Yaacovn"]
[Result "0-1"]
[WhiteElo "2322"]
[BlackElo "2679"]
[TimeControl "180+2"]
[EndTime "13:08:15 PDT"]
[Termination "Yaacovn won by checkmate"]

1. e4 c6 2. d4 d5 3. Nc3 dxe4 4.
Nxe4 Nf6 5. Nxf6+ gxf6 6. Nf3 Bg4 7. c3 Qd5 8. Be2 Nd7 9. Be3 e6 10. Qb3 O-O-O 11. c4 Qa5+ 12. Bd2 Qc7 13. h3 Bh5 14. g4 Bg6 15. Nh4 Bd6 16. Nxg6 hxg6 17. h4 Bf4 18. O-O-O Bxd2+ 19. Rxd2 f5 20. gxf5 gxf5 21. Qe3 Nf6 22. Rdd1 Rdg8 23. h5 Ng4 24. Bxg4 Rxg4 25. Rdg1 Rxh5 26.
Rxh5 Rxg1+ 27. Kc2 Qa5 28. Rh8+ Kd7 29. Qb3 Qb6 30. Qxb6 axb6 31. Rb8 Kc7 32. Rf8 Rg7 33. Kd3 Rh7 34. a4 Rh3+ 35. Kd2 Rh7 36. b3 c5 37.
dxc5 bxc5 38. a5 Kd6 39. Rb8 Kc7 40. Rf8 f4 41. Ke2 Kd6 42. Rb8 f5 43. Kf3 e5 44.
Rf8 Ke6 45. Ke2 e4 46. Rc8 Rh2 47. Rxc5 e3 48. Rb5 Rxf2+ 49. Ke1 Ra2 50. Rxb7 f3 51.
Rb6+ Ke5 52. Rb5+ Ke4 53. Kd1 f2 54. Rb8 f1=Q# 0-1

[Event "*** MasterClass Titled Tuesday Blitz"]
[Site "Chess.com"]
[Date "2017.07.04"]
[Round "1"]
[White "Alex_Molchanov"]
[Black "TeukkaSalama"]
[Result "1-0"]
[WhiteElo "2408"]
[BlackElo "2048"]
[TimeControl "180+2"]
[EndTime "13:08:18 PDT"]
[Termination "Alex_Molchanov won by checkmate"]

1. c4 e6 2. d4 d5 3. Nc3 Bb4 4. e3 Nf6 5. Ne2 O-O 6. a3 Bxc3+ 7. Nxc3 b6 8. Bd3 Bb7 9. O-O Nbd7 10. cxd5 Nxd5 11. e4 Nxc3 12. bxc3 e5 13. Be3 Re8 14. d5 Qe7 15. Bb5 Red8 16. Qg4 Nc5 17. Rfe1 Bc8 18.
Qg5 f6 19. Qh4 Bd7 20. Bf1 Be8 21. f3 Bg6 22. Qf2 Nb7 23. Ba6 Nd6 24. c4 Be8 25. c5 bxc5 26. Bxc5 Rab8 27. Bxa7 Ra8 28. Bf1 Bb5 29. Bc5 Qd7 30. Reb1 Bxf1 31. Qxf1 Ra4 32.
Rb3 Rda8 33. Rab1 Kf7 34. Qc1 Nc4 35. Rb7 Nxa3 36. Bxa3 Qe8 37. Qxc7+ Kg6 38. Qxg7+ Kh5 39. Qxh7+ Kg5 40. Bc1# 1-0

[Event "*** MasterClass Titled Tuesday Blitz"]
[Site "Chess.com"]
[Date "2017.07.04"]
[Round "1"]
[White "playablecharacter"]
[Black "jk13"]
[Result "0-1"]
[WhiteElo "1984"]
[BlackElo "2399"]
[TimeControl "180+2"]
[EndTime "13:08:21 PDT"]
[Termination "jk13 won by resignation"]

1. d4 Nf6 2. c4 e6 3. Nc3 Bb4 4.
Qc2 O-O 5. Nf3 d5 6. cxd5 exd5 7. Bg5 h6 8. Bxf6 Qxf6 9. a3 Bxc3+ 10. Qxc3 Bf5 11.
e3 Nd7 12. Bd3 c6 13. O-O Rfe8 14. Bxf5 Qxf5 15. b4 Nf6 16. Rac1 Ne4 17. Qc2 a5 18. Rb1 axb4 19. axb4 Qd7 20. Ne5 Qe7 21. b5 c5 22.
f3 Nf6 23. b6 c4 24. Rb5 Qd6 25.
Qb2 Nd7 26. Nxd7 Qxd7 27. Kf2 Re6 28. g3 Rae8 29. Re1 Rf6 30. Kg2 Rfe6 31. Kf2 Qc6 32. Rc5 Qd6 33. Qb5 Rd8 34. Rd1 Qxb6 35. Rb1 Qa7 36.
Qxb7 Qa3 37. Qb4 Qxe3+ 38. Kg2 Qe2+ 39. Kh3 Qxf3 40. Rb5 Qf5+ 41. Kg2 Re2+ 0-1

[Event "*** MasterClass Titled Tuesday Blitz"]
[Site "Chess.com"]
[Date "2017.07.04"]
[Round "1"]
[White "aquiles88"]
[Black "Adham_Fawzy"]
[Result "0-1"]
[WhiteElo "2036"]
[BlackElo "2405"]
[TimeControl "180+2"]
[EndTime "13:08:23 PDT"]
[Termination "Adham_Fawzy won by resignation"]

1. g3 Nf6 2. Bg2 e6 3. Nf3 b6 4. O-O Bb7 5. c4 d5 6. cxd5 exd5 7. d4 Bd6 8. Nc3 a6 9. Ne5 O-O 10. Bg5 Be7 11. Qb3 Nbd7 12. Rfd1 c6 13. Nxd7 Qxd7 14. Qxb6 Rfb8 15. Qb3 a5 16. Qc2 Qe6 17. Re1 Bb4 18.
a3 Bxc3 19. bxc3 Ba6 20. Bf4 Rb7 21. Bf3 Re8 22. Rab1 Rb5 23. Bc7 a4 24. Qxa4 Rxb1 25. Rxb1 Bxe2 26. Re1 Bxf3 27. Rxe6 Rxe6 28. Qa8+ Re8 29.
Qxe8+ Nxe8 30. Be5 f6 31. Bb8 Kf7 32. a4 Be2 33. f4 Ke6 34. Kf2 Bc4 35. Ke3 Kd7 36.
a5 Nd6 0-1

[Event "*** MasterClass Titled Tuesday Blitz"]
[Site "Chess.com"]
[Date "2017.07.04"]
[Round "1"]
[White "Gabrielian_Artur"]
[Black "ulises2013"]
[Result "1-0"]
[WhiteElo "2554"]
[BlackElo "2282"]
[TimeControl "180+2"]
[EndTime "13:08:24 PDT"]
[Termination "Gabrielian_Artur won by resignation"]

1. e4 g6 2. d4 Bg7 3. Nc3 c5 4. d5 d6 5. Nf3 e5 6. Bb5+ Bd7 7. a4 Ne7 8. Nd2 O-O 9. Bxd7 Nxd7 10. Nc4 Nb6 11. Ne3 f5 12. a5 Nd7 13. Nc4 Nc8 14.
exf5 gxf5 15. O-O Qh4 16. Ra4 e4 17. g3 Qe7 18. Re1 Ne5 19. Nxe5 Bxe5 20. f3 Kh8 21.
Kh1 a6 22. fxe4 f4 23. gxf4 Bxf4 24. Bxf4 Rxf4 25. Qh5 Na7 26. e5 Rxa4 27. Nxa4 Rg8 28. Nc3 Nb5 29. Nxb5 axb5 30. Qf5 Rf8 31. Qe4 Qxe5 32.
Qxe5+ dxe5 33. Rxe5 Rd8 34. Kg2 Kg7 35. Kf3 Kf6 36.
Ke4 Ra8 37. Re6+ Kf7 38. Rb6 Rxa5 39. Rxb7+ Kf6 40. Rb6+ Ke7 41. Ke5 Ra7 42. Rxb5 1-0

[Event "*** MasterClass Titled Tuesday Blitz"]
[Site "Chess.com"]
[Date "2017.07.04"]
[Round "1"]
[White "platy3"]
[Black "Colombiano07"]
[Result "0-1"]
[WhiteElo "2628"]
[BlackElo "2353"]
[TimeControl "180+2"]
[EndTime "13:08:28 PDT"]
[Termination "Colombiano07 won by checkmate"]

1. e4 e6 2. d4 d5 3. Nc3 Bb4 4. e5 c5 5. a3 Bxc3+ 6. bxc3 Qa5 7. Bd2 Qa4 8. Qg4 g6 9. Nf3 b6 10. c4 Ne7 11. Bd3 Ba6 12. dxc5 bxc5 13. Qh4 Bxc4 14. Qf6 Rg8 15. Ng5 Rf8 16. Nxh7 Nd7 17.
Qf4 Rh8 18. Nf6+ Nxf6 19. exf6 Nf5 20. Bxf5 gxf5 21. Qc7 Qd7 22. Qxc5 Rc8 23. Qd4 Rg8 24. Qh4 Qd6 25. Qf4 Qxf4 26. Bxf4 Rxg2 27. Bg3 Ba6 28. h4 Rxc2 29. h5 f4 30. Bh4 Kf8 31. Rb1 Kg8 32.
Rb8+ Kh7 33. Rb1 d4 34. Kd1 Ra2 35. Rh3 Rg1# 0-1

[Event "*** MasterClass Titled Tuesday Blitz"]
[Site "Chess.com"]
[Date "2017.07.04"]
[Round "1"]
[White "Haykos"]
[Black "CookiesAndIceCream"]
[Result "1-0"]
[WhiteElo "2462"]
[BlackElo "2194"]
[TimeControl "180+2"]
[EndTime "13:08:30 PDT"]
[Termination "Haykos won by resignation"]

1. e4 e5 2. Nf3 Nc6 3. Bc4 Bc5 4. d3 Nf6 5. O-O d6 6. c3 a6 7. Bb3 Ba7 8. Nbd2 O-O 9. Re1 Ng4 10. Re2 Kh8 11. h3 f5 12. exf5 Nh6 13. Ne4 Nxf5 14. Bg5 Qd7 15. Kh2 d5 16. Ned2 h6 17. Nxe5 Nxe5 18.
Rxe5 hxg5 19. Qh5+ Nh6 20. Rxd5 Qe7 21. Ne4 g4 22. Re5 Qd8 23. Re1 gxh3 24. Ng5 Qd6 25. d4 Bg4 26. Qh4 Qf6 27. f3 Qf4+ 28. g3 Qf6 29.
fxg4 c6 30. Nf7+ Rxf7 31. Bxf7 Qxf7 32. g5 Rf8 33. gxh6 Qf2+ 34. Kxh3 g6 35. R5e2 Qf5+ 36. Qg4 Qf6 37. Re6 Qf2 38. R1e2 Qf1+ 39. Kh4 Qh1+ 40. Kg5 Rf5+ 41. Kxg6 1-0

[Event "*** MasterClass Titled Tuesday Blitz"]
[Site "Chess.com"]
[Date "2017.07.04"]
[Round "1"]
[White "Penguininja"]
[Black "AkshatChandra"]
[Result "0-1"]
[WhiteElo "2321"]
[BlackElo "2661"]
[TimeControl "180+2"]
[EndTime "13:08:34 PDT"]
[Termination "AkshatChandra won by resignation"]

1. d4 Nf6 2. c4 e6 3. g3 d5 4. Nf3 dxc4 5. Bg2 Nbd7 6. O-O c6 7.
Nfd2 Nb6 8. e3 Qc7 9. Qe2 e5 10. Nxc4 Nxc4 11. Qxc4 Be6 12. Qa4 exd4 13. Qxd4 Be7 14.
Nc3 O-O 15. e4 Rfd8 16. Qa4 b5 17. Qc2 Rac8 18. Bf4 Qb6 19. Rfd1 Ng4 20. Rf1 g5 21. Bd2 Bc4 22. h3 Bd3 23. Qd1 Bxf1 24. Qxg4 Bxg2 25. Bxg5 Bxh3 26. Qh4 Rd2 27. Nd1 Rcd8 28. Bxe7 Rxd1+ 29. Kh2 Qxf2+ 30. Kxh3 Qf1+ 31. Kg4 f5+ 32. Kh5 Qf3+ 33.
Kh6 R8d6+ 34. Bf6 Qe3+ 35. Kh5 Rxa1 36. e5 Rd4 37. Qg5+ Qxg5+ 38. Kxg5 0-1

[Event "*** MasterClass Titled Tuesday Blitz"]
[Site "Chess.com"]
[Date "2017.07.04"]
[Round "1"]
[White "stuffings101"]
[Black "IMJonathanCarlstedt"]
[Result "0-1"]
[WhiteElo "2195"]
[BlackElo "2467"]
[TimeControl "180+2"]
[EndTime "13:08:40 PDT"]
[Termination "IMJonathanCarlstedt won on time"]

1. Nf3 d5 2. g3 Nf6 3. Bg2 Bg4 4. O-O Nbd7 5. d3 e5 6. Nbd2 Bd6 7. e4 c6 8. h3 Bxf3 9. Qxf3 O-O 10. exd5 cxd5 11.
c4 d4 12. Qxb7 Rb8 13. Qc6 Nc5 14. Qf3 a5 15. Re1 a4 16. Rb1 Re8 17. b4 axb3 18.
axb3 Qa5 19. Qe2 Qc3 20. Bf1 h5 21. Bb2 Qb4 22. Bg2 Nxb3 23. Nxb3 Qxb3 24. Bc6 Re7 25. Bb5 e4 26. Bxd4 exd3 27. Qd2 Rxe1+ 28. Qxe1 d2 29. Qd1 Qd3 30. Bxf6 gxf6 31. Rb3 Qd4 32. Kg2 Bc5 33. Re3 Ra8 34. Re2 Bb4 35. Ba4 Rxa4 36. Re8+ Kg7 37.
Qxh5 Bf8 0-1

[Event "*** MasterClass Titled Tuesday Blitz"]
[Site "Chess.com"]
[Date "2017.07.04"]
[Round "1"]
[White "Kawhi_Leonard2"]
[Black "caraguru"]
[Result "0-1"]
[WhiteElo "2136"]
[BlackElo "2440"]
[TimeControl "180+2"]
[EndTime "13:08:42 PDT"]
[Termination "caraguru won by checkmate"]

1. e4 c6 2. d4 d5 3. Nc3 dxe4 4. Nxe4 Bf5 5. Ng3 Bg6 6. h4 h6 7. Nf3 e6 8. Ne5 Bh7 9. Bd3 Bxd3 10. Qxd3 Nd7 11.
f4 Be7 12. Bd2 Bxh4 13. Nxd7 Kxd7 14. O-O-O Bxg3 15. Qxg3 Qf6 16. c4 Ne7 17. Bc3 Qg6 18.
Qf3 h5 19. Rhe1 Rae8 20. Bb4 Nc8 21. d5 exd5 22. cxd5 c5 23. Bxc5 Rxe1 24. Rxe1 Re8 25. Rxe8 Kxe8 26. Qe2+ Kd8 27. b3 Nd6 28. Qe5 Kd7 29.
Bxa7 Qd3 30. Bc5 Nc8 31. Kb2 Qd2+ 32. Kb1 Qd1+ 33. Kb2 Qd2+ 34. Kb1 b6 35. Bd4 Qd1+ 36. Kb2 Qd2+ 37. Kb1 Nd6 38. Bxb6 Qd1+ 39. Kb2 Qd2+ 40. Ka1 Qc1# 0-1

[Event "*** MasterClass Titled Tuesday Blitz"]
[Site "Chess.com"]
[Date "2017.07.04"]
[Round "1"]
[White "Lord_Neezy"]
[Black "162a54f5d"]
[Result "1/2-1/2"]
[WhiteElo "2162"]
[BlackElo "2437"]
[TimeControl "180+2"]
[EndTime "13:08:43 PDT"]
[Termination "Game drawn by repetition"]

1. d4 d5 2. Bf4 Nf6 3. e3 g6 4. h3 Bg7 5. Nf3 O-O 6. Be2 b6 7. O-O Bb7 8. a4 a5 9. Nbd2 Na6 10. Rc1 c5 11. c3 c4 12. b3 cxb3 13. Qxb3 Nd7 14. Rb1 Rc8 15. Rfc1 Re8 16. Bxa6 Bxa6 17. Qxd5 Bd3 18. Rb2 e6 19. Qb3 Ba6 20. Ne4 Bf8 21.
Nd6 Bxd6 22. Bxd6 Rc6 23. Bf4 Bc4 24. Qa3 Qc8 25. Nd2 Ba6 26. Ne4 Qa8 27. Nd6 Rd8 28. Nb5 Bxb5 29. Rxb5 Rdc8 30. Qe7 Qb7 31. Rb3 Rc4 32.
Rcb1 Qc6 33. Bh6 Rxa4 34. Rxb6 Qxc3 35. Qxd7 Ra1 36. Qxc8+ Qxc8 37. Rxa1 f5 38. Rxa5 Qc1+ 39. Kh2 Qc7+ 40. Bf4 Qxb6 41. Re5 Kf7 42. h4 Qd8 43. Bg5 Qf8 44. Rc5 h6 45. Rc7+ Kg8 46. Bf4 g5 47. hxg5 hxg5 48. Bxg5 Qd6+ 49. Bf4 Qd8 50. Rb7 Qh4+ 51.
Kg1 Qg4 52. f3 Qh4 53. Rb1 Kf7 54. Rb8 Qe1+ 55. Kh2 Qh4+ 56. Kg1 Qe1+ 57. Kh2 Qh4+ 58. Kg1 Qe1+ 59. Kh2 Qh4+ 60. Kg1 Qe1+ 61. Kh2 Qh4+ 62. Kg1 1/2-1/2

[Event "*** MasterClass Titled Tuesday Blitz"]
[Site "Chess.com"]
[Date "2017.07.04"]
[Round "1"]
[White "Rodalquilar"]
[Black "Godzillator"]
[Result "1-0"]
[WhiteElo "2537"]
[BlackElo "2266"]
[TimeControl "180+2"]
[EndTime "13:08:44 PDT"]
[Termination "Rodalquilar won by resignation"]

1. d4 d5 2. Bf4 c5 3. e4 dxe4 4. d5 a6 5. Nc3 Nf6 6. Qe2 Bf5 7. O-O-O Nbd7 8. h3 h6 9. f3 g5 10. Bh2 exf3 11.
Nxf3 Bg7 12. g4 Bh7 13. d6 e6 14. Bg2 Qa5 15. Ne5 O-O 16. Nc4 Qd8 17. Bxb7 Rb8 18. Bg2 Nb6 19. Ne5 Nbd5 20. Nxd5 Nxd5 21. Bxd5 exd5 22.
Rxd5 Re8 23. Qc4 Rb4 24. Qxc5 Rb5 25. Qd4 Qa5 26. Rxb5 axb5 27. Qd5 Qa7 28. d7 Qe3+ 29. Kb1 Rd8 30. Nxf7 Bxc2+ 31. Ka1 Be4 32. Nxh6+ Kh7 33. Qe6 Bxh6 34. Qe7+ Bg7 35. Be5 Rg8 36. d8=Q Qa3 37. bxa3 Bd5 38. Qxg8+ 1-0